[Event "ICC tourney 2098 (40 10)"]
[Site "Internet Chess Club"]
[Date "2020.11.01"]
[Round "5"]
[White "fascimate"]
[Black "adwaysane"]
[Result "1/2-1/2"]
[ICCResult "Game drawn by mutual agreement"]
[WhiteElo "1668"]
[BlackElo "1667"]
[Opening "Ruy Lopez: Schliemann defense, Berger variation"]
[ECO "C63"]
[NIC "RL.06"]
[Time "20:02:57"]
[TimeControl "2400+10"]

1. e4 e5 2. Nf3 Nc6 3. Bb5 f5 4. Nc3 fxe4 5. Nxe4 Nf6 6. Qe2 Qe7 7. O-O d5
8. Nc3 e4 9. Nd4 Bd7 10. Nxc6 bxc6 11. Ba4 d4 12. Nb1 g6 13. Re1 Bh6 14. f3
O-O 15. Qc4+ Kh8 16. Qxd4 c5 17. Qc4 Bxa4 18. Qxa4 Qf7 19. Qc6 exf3 20. Qxf3
Qc4 21. Na3 Qh4 22. Qg3 Qd4+ 23. Qf2 Qxf2+ 24. Kxf2 Ne4+ 25. Kg1 Nxd2 26.
Bxd2 Bxd2 27. Re7 Bf4 28. Rd1 Bd6 29. Rd7 Rae8 30. Nb5 Re2 31. Nxd6 cxd6 32.
Rf1 Rxf1+ 33. Kxf1 Rxc2 34. Rxd6 Rxb2 35. Rd8+ Kg7 36. Rd7+ Kf6 37. Rxa7 h5
38. a4 c4 39. Rc7 Rc2 40. a5 c3 41. a6 Kg5 42. a7 Ra2 43. Ke1 Ra1+ 44. Ke2
c2 45. Rxc2 Rxa7 46. Rc4 Rf7 47. h4+ Kf5 48. Rc6 Rf6 49. Rc4
{Game drawn by mutual agreement}
1/2-1/2

[Event "ICC tourney 2098 (40 10)"]
[Site "Internet Chess Club"]
[Date "2020.11.01"]
[Round "5"]
[White "SuperPuzzler"]
[Black "Slypawn"]
[Result "0-1"]
[ICCResult "White resigns"]
[WhiteElo "1966"]
[BlackElo "2125"]
[Opening "Ruy Lopez: Anderssen variation"]
[ECO "C77"]
[NIC "RL.12"]
[Time "20:02:56"]
[TimeControl "2400+10"]

1. e4 e5 2. Nf3 Nc6 3. Bb5 a6 4. Ba4 Nf6 5. d3 b5 6. Bb3 d6 7. c3 Be7 8. O-O
O-O 9. Nbd2 Re8 10. Re1 Bf8 11. Nf1 d5 12. Qe2 d4 13. Ng3 Be6 14. Bxe6 Rxe6
15. cxd4 Nxd4 16. Nxd4 Qxd4 17. Be3 Qd7 18. Red1 c5 19. Rac1 Rc6 20. h3 g6
21. Kh1 Rac8 22. f4 exf4 23. Bxf4 Bg7 24. Qf3 Ne8 25. b3 Nc7 26. Nf1 Ne6 27.
Ne3 Nd4 28. Qf2 f5 29. Nd5 Rf8 30. Qe3 Ne6 31. Bh2 Bd4 32. Qe2 Kg7 33. Rf1
Ng5 34. h4 Nf7 35. b4 Re8 36. Qf3 Ne5 37. Bxe5+ Rxe5 38. bxc5 Rxc5 39. Rxc5
Bxc5 40. Rc1 Bd6 41. Ne3 fxe4 42. dxe4 Qe7 43. g3 Rxe4 44. Ng2 Qe5 45. Kh2
Rc4 46. Re1 Rxh4+ 47. Nxh4 Qxe1 48. Ng2 Qe7 49. Qc3+ Be5 50. Qe3 h5 51. Nf4
h4 52. Kg2 hxg3 53. Qxg3 g5 54. Nh5+ Kg6 55. Qf3 Qd6 56. Kh3 Qd7+ 57. Kg2
Qd2+ 58. Kf1 Qc1+ 59. Kg2 Qc2+ 60. Kf1 Qf5 61. Qxf5+ Kxf5 62. Kg2 Kg4
{White resigns}
0-1

[Event "ICC tourney 2098 (40 10)"]
[Site "Internet Chess Club"]
[Date "2020.11.01"]
[Round "5"]
[White "wildrumpus"]
[Black "JunlinTheWorld"]
[Result "1/2-1/2"]
[ICCResult "Game drawn by repetition"]
[WhiteElo "1478"]
[BlackElo "1823"]
[Opening "Queen's pawn: stonewall attack"]
[ECO "A45"]
[NIC "QP.07"]
[Time "20:03:47"]
[TimeControl "2400+10"]

1. d4 Nf6 2. e3 d5 3. Bd3 e6 4. Nd2 Be7 5. f4 Nbd7 6. Ngf3 b6 7. O-O Bb7 8.
Ne5 h5 9. Qf3 c5 10. c3 c4 11. Bc2 Qc7 12. Qg3 g6 13. Bxg6 Nxe5 14. fxe5 h4
15. Qf2 fxg6 16. exf6 Bd6 17. h3 O-O-O 18. Nf3 Bg3 19. Qc2 Rh6 20. Ng5 Qd7
21. b3 Ba6 22. Rf3 Rf8 23. Ba3 Bd6 24. Bxd6 Qxd6 25. Raf1 cxb3 26. axb3 Bxf1
27. Rxf1 Qg3 28. c4 Qxe3+ 29. Kh1 Qxg5 30. cxd5+ Kb8 31. dxe6 Rhh8 32. f7
Rd8 33. Rc1 Qe7 34. Qxg6 Rxd4 35. Qg8+ Rd8 36. Qg4 Qd6 37. Qe4 Rc8 38. Re1
Qe7 39. Qe5+ Ka8 40. Qd5+ Kb8 41. Qe5+ Kb7 42. Qd5+ Kb8 43. Qe5+
{Game drawn by repetition}
1/2-1/2

[Event "ICC tourney 2098 (40 10)"]
[Site "Internet Chess Club"]
[Date "2020.11.01"]
[Round "5"]
[White "xyzchessdude"]
[Black "RagingKnightNC"]
[Result "1/2-1/2"]
[ICCResult "Game drawn by mutual agreement"]
[WhiteElo "2011"]
[BlackElo "2113"]
[Opening "English opening"]
[ECO "A05"]
[NIC "RE.08"]
[Time "20:02:55"]
[TimeControl "2400+10"]

1. Nf3 Nf6 2. c4 e6 3. g3 b6 4. Bg2 Bb7 5. O-O Be7 6. b3 O-O 7. Bb2 d5 8. e3
c5 9. Nc3 dxc4 10. bxc4 Nc6 11. Qe2 Qd7 12. d3 Rfd8 13. Rfd1 Nb4 14. Ne1
Bxg2 15. Kxg2 Qb7+ 16. Kg1 h5 17. a3 Nc6 18. f4 Na5 19. Rab1 Nc6 20. Ba1 e5
21. Qf3 Qd7 22. Rb2 exf4 23. gxf4 Qg4+ 24. Rg2 Qxf3 25. Nxf3 Rd7 26. Kf2 Re8
27. h3 Bf8 28. Rdg1 Rxd3 29. Nd5 Nxd5 30. cxd5 Rexe3 31. Ne1 Nd4 32. Bxd4
cxd4 33. Nxd3 Rxd3 34. d6 Bxd6 35. Rxg7+ Kf8 36. Rg8+ Ke7 37. Re1+ Kf6 38.
Rg3 Rd2+ 39. Kf3 Bxa3 40. Ra1 Bc5 41. Rxa7 d3 42. Ke4 Bd6 43. Rb7 Rb2 44.
Rxd3 Rb4+ 45. Rd4 Rxd4+ 46. Kxd4 Bxf4 47. Rxb6+ Kg5 48. Ke4 Bg3 49. Kf3 Be5
50. Rb7 f6 51. Rg7+ Kh4 52. Kg2 Bf4 53. Rg8 Bg5 54. Ra8 Bh6 55. Ra4+ Kg5 56.
Kg3 Bf8 57. Rc4 Bd6+ 58. Kf3 Be5 59. Re4 Kf5 60. Rc4 Kg5 61. Rc8 Kf5 62. Rg8
Bd4 63. Rg2 Be5 64. Rg8 Bd4 65. Ke2 Kf4 66. Rg2 f5 67. Rg8 Bf6 68. Rg6 Bg5
69. Kf2 Bh4+ 70. Kg2 Bg5 71. Ra6 Be7 72. Ra4+ Kg5
{Game drawn by mutual agreement}
1/2-1/2